 Dungeon Crawl Stone Soup version 0.18.1-8-gdd0e5ea (webtiles) character file.

2090 mistymad the Shield-Bearer (level 9, 0/56 HPs)
             Began as a Gargoyle Fighter on May 21, 2016.
             Was an Initiate of Okawaru.
             Slain by a quokka (1 damage)
             ... on level 6 of the Dungeon.
             The game lasted 00:14:53 (7415 turns).

mistymad the Shield-Bearer (Gargoyle Fighter)       Turns: 7415, Time: 00:14:54

Health: 0/56       AC: 16    Str: 25    XL:     9   Next: 27%
Magic:  9/9        EV: 10    Int: 10    God:    Okawaru [......]
Gold:   372        SH: 11    Dex: 11    Spells: 0 memorised, 8 levels left

rFire  . . .     SeeInvis .     a - +0 flail
rCold  . . .     Gourm    .     b - +0 scale mail
rNeg   + . .     Faith    .     c - +0 shield
rPois  ∞         Spirit   .     l - +0 helmet
rElec  +         Dismiss  .     t - +0 cloak
rCorr  .         Reflect  .     (no gloves)
SustAt .         Harm     .     (no boots)
MR     .....                    y - amulet of rage
Stlth  ..........               u - ring of loudness (curse)
                                w - ring of stealth

@: mighty, not resistant to hostile enchantments, extremely unstealthy
A: negative energy resistance 1, electricity resistance, unbreathing,
petrification resistance, rot immunity, AC +5
a: Renounce Religion, Evoke Berserk Rage


You were on level 6 of the Dungeon.
You worshipped Okawaru.
Okawaru was noncommittal.
You were not hungry.

You visited 2 branches of the dungeon, and saw 8 of its levels.
You also visited: Sewer.

You collected 372 gold pieces.

Inventory:

Hand Weapons
 a - a +0 flail (weapon)
Armour
 b - a +0 scale mail (worn)
 c - a +0 shield (worn)
 l - a +0 helmet (worn)
 t - a +0 cloak (worn)
Jewellery
 q - an uncursed ring of protection from fire
 u - a cursed ring of loudness (right hand)
 w - a ring of stealth (left hand)
 y - an amulet of rage (around neck)
 D - a +2 ring of protection {unknown}
Wands
 i - a wand of confusion (23/48)
 E - a wand of iceblast (6/15)
Scrolls
 e - 5 scrolls of recharging {unknown}
 g - a scroll of fear {unknown}
 j - 2 scrolls of teleportation {unknown}
 n - 2 scrolls of magic mapping {unknown}
 s - 2 scrolls of amnesia {unknown}
 v - 3 scrolls of enchant armour {unknown}
 x - 10 scrolls of identify {unknown}
 A - 2 scrolls of remove curse {unknown}
 G - a scroll of enchant weapon {unknown}
Potions
 d - 2 potions of might
 h - 9 potions of heal wounds {unknown}
 k - 5 potions of lignification {unknown}
 m - a potion of ambrosia {unknown}
 o - 7 potions of curing {unknown}
 p - 3 potions of degeneration {unknown}
 C - a potion of invisibility {unknown}
 F - a potion of agility {unknown}
Books
 B - a book of Ice

   Spells                             Type                      Level
   a - Ice Form                       Ice/Transmutation            4
   b - Metabolic Englaciation         Hexes/Ice                    5
   c - Ozocubu's Refrigeration        Ice                          6
   d - Bolt of Cold                   Conjuration/Ice              6
   e - Freezing Cloud                 Conjuration/Ice/Air          6
   f - Simulacrum                     Ice/Necromancy               6
Comestibles
 f - 5 bread rations
 r - 4 meat rations
 z - 2 beef jerkies
 H - 2 fruits


   Skills:
 + Level 6.6 Fighting
 + Level 5.5 Maces & Flails
 + Level 6.6 Armour
 + Level 4.3 Dodging
 + Level 6.9 Shields


You had 8 spell levels left.
You didn't know any spells.

Dungeon Overview and Level Annotations

Branches:
Dungeon (7/15)             Temple (1/1) D:5

Altars:
Ashenzari
Elyvilon
Fedhas
Gozag
Kikubaaqudgha
Makhleb
Nemelex Xobeh
Okawaru
Qazlal
Ru
Sif Muna
Vehumet
Xom
The Shining One


Innate Abilities, Weirdness & Mutations

You are resistant to torment.
Your stone body is resilient (AC +5).
You are immune to poison.
You resist negative energy.
You are resistant to electric shocks.
You can survive without breathing.
You are immune to petrification.
You are immune to rotting.


Message History

You kill the killer bee!
Okawaru accepts your kill. The giant frog barely misses you.
You block the giant frog's attack. The quokka completely misses you.
You barely miss the giant frog.
The giant frog hits you but does no damage.
The quokka bites you but does no damage.
The giant frog hits you but does no damage.
You hit the giant frog.
The giant frog is moderately wounded.
The quokka bites you but does no damage.
The giant frog closely misses you. You block the quokka's attack.
The giant frog hits you.
* * * LOW HITPOINT WARNING * * *
You bludgeon the giant frog!!
You kill the giant frog!
Okawaru accepts your kill. The quokka closely misses you.
You barely miss the quokka. The quokka bites you.
You die...

....#...####.#....)...........#..
......#.####..((.................
#....................)...........
##.#........##...................
.....###.....#...................
#..............................((
#...........[..............(..((#
..######.........†...(.......((.#
...## ##..#####.@.............((#
....###...# ###r..............'
......[.#.# #...####.....#(####
....#####.# #.....######.#.####
....# ###.#####.....# #......#
....###.............# ####..##
........#..#####....####### #...#
...#######.#######........###....
##.# ##......##########...#....


You could see a quokka.

Vanquished Creatures
  Sigmund (D:5)
  Eustachio (D:5)
  A hippogriff (D:6)
  An ice beast (D:6)
  A phantom (D:5)
  A centaur (D:5)
  2 big kobolds (Sewer)
  A giant frog (D:6)
  2 scorpions
  2 killer bees (D:6)
  A centaur zombie (D:5)
  2 crimson imps
  A giant frog zombie (D:7)
  3 jellies
  3 hounds
  2 orc priests (D:4)
  A giant frog skeleton (D:4)
  An orc wizard (D:4)
  A centaur skeleton (D:6)
  An iguana (D:3)
  4 worker ants
  A hound zombie (D:5)
  A worker ant zombie (D:6)
  3 gnolls (D:4)
  8 river rats (Sewer)
  17 adders
  2 oozes (D:3)
  3 worms (D:3)
  2 dart slugs
  6 giant geckos
  7 orcs
  10 giant cockroaches
  11 goblins
  11 hobgoblins
  6 jackals
  2 quokkas
  4 ball pythons
  8 bats
  3 giant newts
  25 kobolds
  A quokka skeleton (D:5)
  28 rats
192 creatures vanquished.

Notes
Turn   | Place    | Note
--------------------------------------------------------------
     0 | D:1      | mistymad the Gargoyle Fighter began the quest for the Orb.
     0 | D:1      | Reached XP level 1. HP: 14/14 MP: 1/1
   210 | D:1      | Reached XP level 2. HP: 16/19 MP: 2/2
   633 | D:2      | Reached XP level 3. HP: 23/23 MP: 3/3
   782 | D:2      | Reached skill level 1 in Dodging
   782 | D:2      | Reached XP level 4. HP: 23/29 MP: 4/4
   915 | D:2      | Found a radiant altar of Vehumet.
   921 | D:2      | Found a glowing golden altar of the Shining One.
   928 | D:2      | Found a shimmering altar of Xom.
  1678 | D:3      | Reached XP level 5. HP: 33/33 MP: 5/5
  2133 | D:3      | Reached XP level 6. HP: 5/39 MP: 6/6
  2671 | D:3      | Found a stormy altar of Qazlal.
  3522 | D:4      | Reached XP level 7. HP: 42/44 MP: 7/7
  3562 | D:4      | Reached skill level 5 in Fighting
  3569 | D:4      | Reached skill level 5 in Shields
  3909 | D:5      | Entered Level 5 of the Dungeon
  3922 | D:5      | Reached skill level 5 in Armour
  4099 | D:5      | Noticed Sigmund
  4109 | D:5      | Killed Sigmund
  4109 | D:5      | Reached XP level 8. HP: 43/50 MP: 8/8
  4324 | D:5      | Found a deep blue altar of Sif Muna.
  4350 | D:5      | Found a staircase to the Ecumenical Temple.
  4422 | D:5      | Found a burning altar of Makhleb.
  4749 | D:5      | Noticed Eustachio
  4804 | D:5      | Killed Eustachio
  5547 | D:6      | Found a glowing drain.
  5571 | Sewer    | Entered a sewer
  5752 | Sewer    | Reached skill level 5 in Maces & Flails
  5948 | Sewer    | Reached XP level 9. HP: 55/55 MP: 9/9
  6638 | Temple   | Entered the Ecumenical Temple
  7109 | D:6      | Found an iron altar of Okawaru.
  7118 | D:6      | Became a worshipper of Warmaster Okawaru
  7413 | D:6      | HP: 1/56 [giant frog (4)]
  7415 | D:6      | Slain by a quokka

Skill      XL: |  1  2  3  4  5  6  7  8 |
---------------+-------------------------+-----
Dodging        | 1 2 3 4 |  4.3
Fighting       | 4 5 6 |  6.6
Shields        | 4 5 6 |  6.9
Armour         | 4 5 6 |  6.6
Maces & Flails | 3 4 5 |  5.5

Action                   |  1- 3 |  4- 6 |  7- 9 || total
-------------------------+-------+-------+-------++-------
Melee: Flail             |   133 |   328 |   611 ||  1072
  Use: Potion            |       |     1 |     2 ||     3
  Eat: Chunk             |       |     9 |    14 ||    23
Armor: Scale mail        |    98 |   211 |   570 ||   879
Dodge: Dodged            |    45 |   130 |   431 ||   606
Block: Shield            |   100 |   202 |   575 ||   877
